Cogmind - Beta 16.1 *** ADVENTURER MODE // 2026.02.21 @ 16:21:04 Player: PokeYourWaffle Result: Destroyed by S0-OCB(R) with Subdweller Beam Cannon Performance ------------- Evolutions (0) 0 Regions Visited (2) 400 Robots Destroyed (19) 95 Value Destroyed (528) 528 Prototype IDs (0) 0 Alien Tech Used (0) 0 Bonus (0) 0 TOTAL SCORE: 1023 Bonus ------- None Cogmind --------- Core Integrity 0/250 Matter 295/300 Energy 256/265 System Corruption 0% Temperature Cool (88) Movement Rolling (125) Ox3 Location -10/Subcaves Parts ------- > --- POWER (1) -------- Improved Ion Engine > --- PROPULSION (2) --- Wheel > --- UTILITY (2) ------ Large Storage Unit Sensor Array > --- WEAPON (2) ------- Subdweller Beam Cannon > --- INVENTORY (15) --- Improved Ion Engine Light Nuclear Core Heat Sink Improved Heat Sink Structural Scanner Subdweller Optics Targeting Computer ECM Suite Small Laser Grenade Launcher Peak State ------------ > --- POWER ------------ Improved Ion Engine > --- PROPULSION ------- Aluminum Leg Aluminum Leg > --- UTILITY ---------- Large Storage Unit Sensor Array > --- WEAPON ----------- Heavy EM Pulse Gun Particle Gun > --- INVENTORY -------- Improved Ion Engine Compact Wheel Heat Sink Medium Laser Small Laser Grenade Launcher [Rating: 10] Favorites ----------- Power Improved Ion Engine Engine Improved Ion Engine Propulsion Aluminum Leg Leg Aluminum Leg Wheel Wheel Utility Large Storage Unit Device Sensor Array Storage Large Storage Unit Weapon Medium Laser Energy Gun Medium Laser Energy Cannon Subdweller Beam Cannon Build | -11 -10 -10 ------- Run | Yrd Mat Sub Slots Evolved . | . . . Power . | . . . Propulsion . | . . . Utility . | . . . Weapon . | . . . Parts Attached 14 | 5 6 3 Power 2 | 1 1 . Engine 2 | 1 1 . Core . | . . . Reactor . | . . . Propulsion 3 | 2 . 1 Treads . | . . . Leg 2 | 2 . . Wheel 1 | . . 1 Hover . | . . . Flight . | . . . Utility 2 | . 2 . Device 1 | . 1 . Storage 1 | . 1 . Processor . | . . . Hackware . | . . . Protection . | . . . Artifact . | . . . Weapon 7 | 2 3 2 Energy Gun 5 | 2 3 . Energy Cannon 2 | . . 2 Ballistic Gun . | . . . Ballistic Cannon . | . . . Launcher . | . . . Special Weapon . | . . . Impact Weapon . | . . . Slashing Weapon . | . . . Piercing Weapon . | . . . Special Melee Weapon . | . . . Unidentified Prototypes . | . . . Parts Lost 4 | . 2 2 Power . | . . . Propulsion 1 | . . 1 Utility . | . . . Weapon 3 | . 2 1 Highest Loss Streak 2 | . 2 1 To Critical Strikes . | . . . Average Backups 6 | 2 6 9 Power 1 | . 1 2 Propulsion . | 1 . . Utility 2 | . 1 5 Weapon 1 | . 1 2 Tool/Special . | . . . Unused Backups 12 | . 3 9 Power 3 | . 1 2 Propulsion 1 | . 1 . Utility 7 | . 1 6 Weapon 1 | . . 1 Tool/Special . | . . . Average Slot Usage (%) 95 | . 95 95 Engine 14 | . 14 14 Leg 25 | . 28 19 Wheel 1 | . . 4 Device 11 | . 10 14 Storage 13 | . 12 14 Energy Gun 24 | . 27 17 Energy Cannon 3 | . . 10 Peak Build Rating 10 | 5 10 10 Average Rating 8 | 3 8 9 On Entrance 4 | . 5 9 Avg Prop Armor Cover (%) . | . . . Naked Turns . | . . . Heaviest Build 38 | 8 34 38 Greatest Support 20 | 20 20 20 Greatest Overweight (x) 3 | . 1 3 Average Overweight (x) 1 | . . 1 Largest Inventory Capacity 15 | 5 15 15 Average Capacity 14 | 5 14 15 Most Carried 11 | 5 8 11 Average Carried 7 | 2 6 9 Final Capacity 15 | 5 15 15 Final Carried 10 | 4 8 10 Class Distribution -------------------- 100% | Mutant Dominant Class ---------------- Mutant | -10/Materials Mutant | -10/Subcaves Resources | -11 -10 -10 ----------- Run | Yrd Mat Sub Matter Collected 330 | 186 124 20 Remotely . | . . . Salvage Created 636 | . 399 237 Parts 30 | . 18 12 Haulers Intercepted . | . . . Recyclers Shooed . | . . . Parts Field Recycled . | . . . Retrieved Matter . | . . . Parts Self-Destructed 14 | . . 14 Prevented . | . . . Parts Restored . | . . . Kills | -11 -10 -10 ------- Run | Yrd Mat Sub Combat Hostiles Destroyed 14 | . 9 5 Guns 10 | . 8 2 Cannons 3 | . . 3 AOE 1 | . 1 . Classes Destroyed 6 | . 4 2 Recycler 1 | . 1 . Turret 2 | . . 2 Watcher 2 | . 2 . Swarmer 4 | . 3 1 Grunt 6 | . 6 . Subdweller 4 | . . 4 Best Kill Streak 7 | . 7 3 Combat Bots Only 6 | . 6 2 Max Kills in Single Turn 2 | . 2 1 Gunslinging . | . . . Exploded 1 | . 1 . Melee . | . . . Uniques/NPCs Destroyed . | . . . Combat | -11 -10 -10 -------- Run | Yrd Mat Sub Hostile Shots Fired 137 | . 74 63 Missed 44 | . 18 26 Hits 93 | . 56 37 Projectile 93 | . 56 37 Critical Strikes 1 | . . 1 Damage Taken 853 | . 436 417 Core 268 | . 132 136 Absorbed by Shields . | . . . Ignored by Resistances 259 | . 137 122 Core Remaining (%) 100 | 100 . . Volleys Fired 51 | . 28 23 Largest 2 | . 2 2 Hottest 130 | . 110 130 Shots Fired 94 | . 53 41 Gun 81 | . 53 28 Cannon 13 | . . 13 Launcher . | . . . Special . | . . . Kinetic . | . . . Thermal 83 | . 42 41 Explosive . | . . . Electromagnetic 11 | . 11 . Robot Hit Streak 29 | . 8 29 Robot Miss Streak 3 | . 3 2 Penetration Max . | . . . Secondary Targets 4 | . 2 2 Max Gunslinging Chain 1 | . 1 1 Shots Hit Robots 67 | . 32 35 Core Hits 30 | . 20 10 Critical Kills . | . . . Critical Parts Destroyed . | . . . Critical Strikes 5 | . 2 3 Burn 5 | . 2 3 Melee Attacks . | . . . Impact . | . . . Slashing . | . . . Piercing . | . . . Sneak Attacks . | . . . Combat Hostiles . | . . . Follow-up Attacks . | . . . Damage Inflicted 1125 | . 539 586 Guns 739 | . 445 294 Cannons 292 | . . 292 Explosions 94 | . 94 . Melee . | . . . Ramming . | . . . Kinetic . | . . . Thermal 1035 | . 449 586 Explosive . | . . . Electromagnetic 90 | . 90 . Impact . | . . . Slashing . | . . . Piercing . | . . . Highest Corruption . | . . . Average Corruption . | . . . Corruption Purged . | . . . Corruption Blocked . | . . . Overload Shots . | . . . Overflow Damage 5 | . 5 . Projectiles . | . . . Explosions 5 | . 5 . Melee . | . . . Knockbacks . | . . . Impact . | . . . Kinetic . | . . . Secondary . | . . . Self-Inflicted Damage 32 | . 32 . Shots 1 | . 1 . Rammed . | . . . Targets Rammed . | . . . Kicked . | . . . Crushed . | . . . Highest Temperature 374 | . 374 105 Average Temperature 101 | . 120 37 Received Heat Transfer 372 | . 165 207 Effects 3 | . 3 . Energy Bleed 2 | . 2 . Damage (minor) 1 | . 1 . Siege Activations . | . . . Martial Activations . | . . . Shielding Activations . | . . . Robots Disrupted . | . . . Combat Hostiles . | . . . Robots Corrupted . | . . . Combat Hostiles . | . . . Parts Fried . | . . . Impact Corruptions . | . . . Robots Melted . | . . . Combat Hostiles . | . . . Parts Melted 2 | . 1 1 Heat Transferred 2560 | . 1127 1433 Parts Sabotaged . | . . . Parts Stolen . | . . . Parts Stripped . | . . . Power Chain Reactions 1 | . 1 . Alert | -11 -10 -10 ------- Run | Yrd Mat Sub Maximum Alert Level . | . . . Low Security (%) 100 | 100 100 . Level 1 . | . . . Level 2 . | . . . Level 3 . | . . . Level 4 . | . . . Level 5 . | . . . High Security . | . . . Max Security . | . . . Peak Influence 130 | . 130 . Initial . | . . . Average 22 | . 24 . Influence Increases 349 | . 259 90 Destroy 0b10 Robot/C 240 | . 180 60 Destroy 0b10 Robot/NC 15 | . 15 . Destroy Leader 44 | . 44 . Destroy Structure 5 | . 5 . Lose Combat Pursuer 45 | . 15 30 Influence Decreases 349 | . 259 90 Time Decay 329 | . 239 90 Lost Part 20 | . 20 . Squads Dispatched 2 | . 2 . Investigation 2 | . 2 . Extermination . | . . . Reinforcement . | . . . Assault . | . . . Garrison . | . . . Intercept . | . . . Searches Triggered . | . . . Construction Impeded . | . . . Haulers Reinforced . | . . . Active Scanning Responses . | . . . Cargo Convoy Interrupts . | . . . Stealth | -11 -10 -10 --------- Run | Yrd Mat Sub Distress Signals 1 | . 1 . Communications Jammed . | . . . Distress Signals . | . . . Times Spotted 33 | . 16 17 Peak Tracking Total 8 | . 6 8 Tactical Retreats 3 | . 1 2 Traps | -11 -10 -10 ------- Run | Yrd Mat Sub Traps Triggered 2 | . 2 . Indirectly . | . . . Trap Hack Attempts . | . . . Triggered . | . . . Disarmed . | . . . Reprogrammed . | . . . Reused . | . . . Traps Extracted . | . . . Installed . | . . . Triggered . | . . . Machines | -11 -10 -10 ---------- Run | Yrd Mat Sub Machines Disabled . | . . . Max in Single Turn . | . . . Machines Repaired . | . . . Machines Dismantled . | . . . Machines Sabotaged . | . . . Overloaded Fab Kills . | . . . Hacking | -11 -10 -10 --------- Run | Yrd Mat Sub Machines Accessed 2 | . 2 . Terminals 2 | . 2 . Fabricators . | . . . Repair Stations . | . . . Recycling Units . | . . . Scanalyzers . | . . . Garrison Access . | . . . Total Hacks 5 | . 5 . Successful 5 | . 5 . Failed . | . . . Catastrophic . | . . . Database Lockouts . | . . . Manual . | . . . Terminals 5 | . 5 . Fabricators . | . . . Repair Stations . | . . . Recycling Units . | . . . Scanalyzers . | . . . Garrison Access . | . . . Terminal Hacks 5 | . 5 . Record 5 | . 5 . Fabricator Hacks . | . . . Repair Station Hacks . | . . . Recycling Unit Hacks . | . . . Scanalyzer . | . . . Garrison Access Hacks . | . . . Unauthorized Hacks . | . . . Terminals . | . . . Fabricators . | . . . Repair Stations . | . . . Recycling Units . | . . . Scanalyzers . | . . . Garrison Access . | . . . Data Cores Recovered . | . . . Used . | . . . Hacking Detections 1 | . 1 . Full Trace Events . | . . . Feedback Events . | . . . Feedback Blocked . | . . . Robot Schematics Acquired . | . . . Robots Built . | . . . Authchips . | . . . Time . | . . . Total Robot Build Rating . | . . . Part Schematics Acquired . | . . . Parts Built . | . . . Authchips . | . . . Time . | . . . Total Part Build Rating . | . . . Part Studies Acquired . | . . . Parts Repaired . | . . . Time . | . . . Parts Recycled . | . . . Recycled Matter . | . . . Retrieved Matter . | . . . Retrieved Components . | . . . Parts Scanalyzed . | . . . Part Schematics Acquired . | . . . Parts Damaged . | . . . Bothacking | -11 -10 -10 ------------ Run | Yrd Mat Sub Used RIF Installer . | . . . Robots Hacked . | . . . Non-combat . | . . . Combat . | . . . Robot Hacks Applied . | . . . Relay Couplers Released . | . . . Fabnet Peak Effective % . | . . . Robots Rewired . | . . . Allies Hacked . | . . . Hacks Repelled . | . . . Allies | -11 -10 -10 -------- Run | Yrd Mat Sub Total Allies . | . . . Largest Group . | . . . Highest-Rated Group . | . . . Highest-Rated Ally . | . . . Total Orders . | . . . Ally Attacks . | . . . Total Damage . | . . . Kills . | . . . Allies Corrupted . | . . . Allies Melted . | . . . Intel | -11 -10 -10 ------- Run | Yrd Mat Sub Active Infowar (turns) 1134 | . 725 409 Sensors 1134 | . 725 409 Robot Analysis Total . | . . . Derelict Logs Recovered . | . . . Drone Launches . | . . . Drone Recoveries . | . . . Exploration | -11 -10 -10 ------------- Run | Yrd Mat Sub Turns Passed 1388 | 65 914 409 Spaces Moved 656 | 48 420 188 Core 7 | 7 . . Treads . | . . . Legs 586 | 41 420 125 Wheels 63 | . . 63 Hover . | . . . Flight . | . . . Fastest Speed 50 | 50 120 125 Average Speed 173 | 109 183 168 Slowest Speed 190 | 120 190 190 Overloaded Moves . | . . . Propulsion Burnouts . | . . . Robots Hopped . | . . . Potential Cave-ins . | . . . Cave-ins Triggered . | . . . Exploration Rate (%) 23 | 3 49 17 Regions Visited 2 Branch Regions 1 Pre-discovered Areas . | . . . Known Exits Taken . | . . . Unknown Exits Taken 2 | 1 1 . Scrap Searched . | . . . Spaces Dug . | . . . Terrain Destroyed 4 | . 4 . Melee . | . . . Projectile . | . . . AOE 4 | . 4 . Terrain Rammed . | . . . Walls Destroyed . | . . . Machines Disabled . | . . . Actions | -11 -10 -10 --------- Run | Yrd Mat Sub Total 813 | 60 513 240 Wait 60 | . 40 20 Move 654 | 47 419 188 Hop . | . . . Pick Up 25 | 8 13 4 Fast Attach 1 | 1 . . Attach 11 | 4 5 2 Detach . | . . . Swap 3 | . 2 1 Drop 8 | . 6 2 Fire 51 | . 28 23 Melee . | . . . Ram . | . . . Kick . | . . . Crush . | . . . Escape Stasis . | . . . Rewire . | . . . Trap . | . . . Miscellaneous . | . . . Route ------- -11/Scrapyard -10/Materials -10/Subcaves (discovered 1 exit: [*Rec]) History --------- Turn | Location | Event 8 | -11/Scrapyard | Discovered new exit (range 15) 66 | -11/Scrapyard | Entered Materials 314 | -10/Materials | Build established: Mutant 714 | -10/Materials | Core integrity fell below 50% 853 | -10/Materials | Discovered new exit (range 8) 980 | -10/Materials | Entered Subcaves 980 | -10/Subcaves | Discovered new exit (range 10) 1340 | -10/Subcaves | Ambushed by swarm of Subdwellers 1382 | -10/Subcaves | Core integrity fell below 20% 1389 | -10/Subcaves | Destroyed by S0-OCB(R) with Subdweller Beam Cannon Last Messages --------------- cavern ceiling. 38-XKL(R) comes tumbling into view. 01342_ Q4-HWL(R) emerges from the Twisted Machinery. 01348_ 38-XKL(R) suffers critical hit (Burn). 01348_ Sub. Beam Cannon shoots sparks and powers down. 01351_ Dropped Broken Sub. Beam Cannon. 01352_ 38-XKL(R) suffers critical hit (Burn). 01353_ 38-XKL(R) heat spikes uncontrollably. 01353_ Subatomizers dissect the Broken Sub. Beam Cannon. 01353_ 38-XKL(R) overheating. 01355_ Disposable Heat Sink melted. 01355_ 38-XKL(R) destroyed. 01367_ Subatomizers dissect the Broken Sub. Beam Cannon. 01381_ Med. Laser destroyed. 01382_ 1R-YKM(R) destroyed. 01388_ J1-JTH(R) destroyed. Map ----- +----------------------------------------------------+ | ?????????????????????????????????????????????????? | | ?????????????????????????????????????????????????? | | ?????????????????????????????????????????????????? | | ?????????????????????????????????????????????????? | | ?????????????????????????????????????????????????? | | ?????????????????????????????????????????????????? | | ?????????????????????????????????????????????????? | | ?????????????????????????????????????????????????? | | ?????????????????????????????????????????????????? | | ?????????????????????????????????????????????????? | | ?????????????????????????????????????????????????? | | ?????????????????????????????????????????????????? | | ?????????????????????????????????????????????????? | | ?????????????????????????????????????????????????? | | ?????????????????????????????????????????????????? | | ?????????????????????????????????????????????????? | | ?????????????????????????????????????????????????? | | ?????????????????????????????????????????????????? | | ?????????????????????????????????????????????????? | | ?????????????????????????????????????????????????? | | ?????????????????????????????????????????????????? | | ?????????????????????????????????????????????????? | | ?????????????????????????????????????????????????? | | ?????????????????????????????????????????????????? | | ???????????????????????####??????????????????????? | | ???????????????????????#!@#????????###???????????? | | ???????????????????????#R%##?????## ?????????? | | ???????????????????????#%&!####??# ????????? | | ???????????????????????#![%?? ##?# ?????????? | | ???????????????????????# * ? ### ??????????? | | ???????????????????????# ## ??????????? | | ???????????????????????# ## ?????????? | | ???????????????????????# #?# """ #???????????? | | ???????????????????????# ### " # ##??????????? | | ???????????????????????# ## "## #??????????? | | ???????????????????????# ### ## ###????????? | | ???????????????????????# #?# #????????? | | ???????????????????????# ### #????????? | | ??????????????????????## ## #????????? | | ??????????????????????# #????????? | | ??????????????????????## #???##???? | | ???????????????????????## # ### #### #???? | | ???????????????????????## ## ##?# ##??? | | ???????????????????????# ## ##??# #??? | | ???????????????????????## ####???# #??? | | ???????????????????????# #????### ##??? | | ??????????????????????## ##???# ## #???? | | ??????????????????##### ##??## ##??#???? | | ?????????????????## ##??# ###?????? | | ??????????######## ## #?## #?????? | +----------------------------------------------------+ Best States ------------- Heat Dissipation 25 Energy Generation 12 Energy Capacity 265 Matter Stores 300 Matter Capacity 300 Sight Range 16 Robot Scan Range 14 Terrain Scan Density 10 Resistance: KI 20 Resistance: TH 20 Resistance: EX 20 Resistance: EM 20 Resistance: I 20 Resistance: S 20 Resistance: P 20 Evasion (%) 55 Offensive Hacking 10 Item Schematics ----------------- None Robot Schematics ------------------ None Fabricated ------------ Nothing Repaired ---------- Nothing Studied --------- None Alien Tech Used ----------------- None Achievements -------------- None Challenges ------------ None Game ------ Seed ClaymoresDroneGenerator Manual? 0 Play Time 00:17:10 Cumulative 5.6 hours Start 2026.02.21 @ 16:03:42 End 2026.02.21 @ 16:21:04 Sessions 1 Manual Loads 0 Difficulty Adventurer Special Mode None Game No. 6 Rogue 1 Adventurer 3 Explorer 2 Win Type - Total 0 Types 0/0/0/0/0/0/0/0/0/0 Lore% 11 Gallery% 10 Achievement% 10 Wizard Run 0 Options --------- Layout 1 ASCII 0 Keyboard 0 Movement Mouse Keybinds 0 Fullscreen 2 Font 32/SmallcapsGlow Map View 50x35 Zoom Use 0% Tactical HUD 1 Map Filters NONE Filters NONE Steam 1 RUN: ee95d81b-f18c-4d31-b044-29bbb936752f